AoeStats
← Navix de los Bosques de Lituania

Arabia

504140435Analyzed
3v3 RM · 28d ago on Sep 4, 2026· 35m 28s· 6 players
Game mode
Random Map
Map size
Normal (6 player)
Population
200
Speed
Normal
Resources
Standard
Victory
Conquest
Starting age
Dark Age
Ending age
Imperial Age
RankedLock teamsTeams togetherTeam positionsShared explorationLock speedFull tech treeHidden civsTurbo modeCheats
Victory
Defeat
🇦🇷 Persians · Argentina
815
+12
🇦🇷 Slavs · Argentina
813
+12
🇦🇷 Ethiopians · Argentina
799
+13
🇲🇽 Aztecs · Mexico
777
-14
🇨🇴 Sicilians · Colombia
724
-12
692
-11
Navix de los Bosques de Lituania
5:01 Loom
11:44 Feudal Age
11:45 Man-at-Arms
12:13 Arson
16:50 Long Swordsman
18:51 Scale Mail Armor
27:56 Padded Archer Armor
27:47 Fletching
28:08 Forging
pjanic1520
5:27 Loom
10:51 Feudal Age
27:52 Castle Age
28:02 Eagle Warrior
28:36 Double-Bit Axe
28:35 Horse Collar
28:48 Gold Mining
31:49 Wheelbarrow
32:06 Arson
Derzer
4:00 Loom
10:17 Feudal Age
11:00 Double-Bit Axe
21:34 Wheelbarrow
20:42 Horse Collar
21:16 Arson
21:40 Scale Mail Armor
21:33 Stone Mining
30:40 Castle Age
33:40 Chain Mail Armor
Señor Mojón
7:39 Loom
10:08 Feudal Age
10:55 Double-Bit Axe
10:57 Man-at-Arms
16:19 Scale Mail Armor
18:47 Wheelbarrow
18:20 Horse Collar
23:30 Castle Age
21:54 Stone Mining
23:13 Fletching
23:25 Padded Archer Armor
24:24 Bow Saw
24:17 Heavy Plow
24:01 Crossbowman
26:29 Long Swordsman
27:41 Forging
27:43 Thumb Ring
30:54 Kamandaran
32:44 Bodkin Arrow
35:42 Ballistics
Profesor Caos
8:02 Loom
10:14 Feudal Age
10:46 Double-Bit Axe
10:37 Man-at-Arms
15:16 Horse Collar
15:40 Gold Mining
17:48 Fletching
24:21 Castle Age
23:29 Arson
24:50 Padded Archer Armor
25:42 Bow Saw
25:51 Heavy Plow
27:01 Wheelbarrow
27:08 Gold Shaft Mining
26:00 Crossbowman
26:47 Thumb Ring
27:24 Bodkin Arrow
29:36 Hand Cart
34:18 Leather Archer Armor
34:38 Squires
33:59 Long Swordsman
Kyle
10:37 Feudal Age
11:24 Double-Bit Axe
13:08 Man-at-Arms
20:36 Scale Mail Armor
25:28 Castle Age
26:50 Chain Mail Armor
27:35 Wheelbarrow
Connection lost

Rejoining the realm…

Still unreachable

The connection could not be restored.

Session expired

The server has moved on; the page needs a fresh start.